 Dungeon Crawl Stone Soup version 0.31-a0-986-g5e6e4ef867 (webtiles) character file.

Game seed: 3223516892656723637

28312 FakeRyeBread the Grappler (level 13, -6/129 (131) HPs)
             Began as a Troll Fighter on Nov 10, 2023.
             Was an Elder of Wu Jian.
             Mangled by a 12-headed hydra (10 damage)
             ... on level 14 of the Dungeon.
             The game lasted 00:31:56 (11198 turns).

FakeRyeBread the Grappler (Troll Fighter)          Turns: 11198, Time: 00:31:57

HP:   -6/129 (131)  AC: 11    Str: 33    XL:     13   Next: 9%
MP:   12/12         EV: 10    Int:  7    God:    Wu Jian [****..]
Gold: 791           SH: 25    Dex:  9    Spells: 12/12 levels left

rFire   . .          .
                       - Unarmed
rCold   . . .        p - +10 tower shield of Ignorance {rN+ Int-4}
rNeg    + . .        x - +0 acid dragon scales
rPois   .            n - +2 hat "Cuim" {Int+3}
rElec   .            e - +0 cloak
rCorr   +            (gloves unavailable)
SInv    .            (boots unavailable)
Will    .....        C - amulet of regeneration
Stlth   +            H - +6 ring of strength
HPRegen 2.01/turn    K - ring of flight
MPRegen 0.13/turn

%: no passive effects
@: flying, lightly drained, serpent's lash
A: large, unfitting armour, claws 3, regeneration 1, shaggy fur 1, tough skin 1
a: Renounce Religion, Wall Jump, Serpent's Lash


You were on level 14 of the Dungeon.
You worshipped Wu Jian.
Wu Jian was greatly pleased with you.
You visited 2 branches of the dungeon, and saw 16 of its levels.

You collected 1598 gold pieces.
You spent 807 gold pieces at shops.

Inventory:

Missiles
 k - 27 poisoned darts
 o - 6 javelins
 r - 11 large rocks
 w - 5 throwing nets
 y - 4 boomerangs
Armour
 e - a +0 cloak (worn)
 n - the +2 hat "Cuim" (worn) {Int+3}
   (You acquired it on level 6 of the Dungeon)

   Int+3:     It affects your intelligence (+3).
 p - the +10 tower shield of Ignorance (worn) {rN+ Int-4}
   (You acquired it on level 6 of the Dungeon)

   Int-4:     It affects your intelligence (-4).
   rN+:       It protects you from negative energy.
 x - +0 acid dragon scales (worn)
Jewellery
 q - the amulet "Buwugum" {Faith rC+ rN+ Str+3 Stlth+}
   (You acquired it on level 6 of the Dungeon)

   [amulet of faith]

   Faith:     It allows you to gain divine favour quickly.
   Str+3:     It affects your strength (+3).
   rC+:       It protects you from cold.
   rN+:       It protects you from negative energy.
   Stlth+:    It makes you more stealthy.
 C - an amulet of regeneration (around neck)
 H - a +6 ring of strength (left claw)
 I - a ring of fire
 K - a ring of flight (right claw)
Wands
 a - a wand of flame (16) (quivered)
 b - a wand of paralysis (7)
 s - a wand of roots (8)
 v - a wand of quicksilver (11)
 D - a wand of polymorph (4)
 J - a wand of mindburst (5)
Scrolls
 i - 5 scrolls of teleportation
 j - 5 scrolls of fear
 A - a scroll of blinking
 B - 2 scrolls of fog
 F - a scroll of amnesia
Potions
 c - 4 potions of might
 d - a potion of haste
 f - 4 potions of curing
 g - 4 potions of enlightenment
 h - 3 potions of cancellation
 l - a potion of berserk rage
 m - 2 potions of lignification
 t - 3 potions of attraction
 u - 2 potions of resistance
 z - 3 potions of heal wounds
 E - 3 potions of brilliance
 G - a potion of mutation


   Skills:
 + Level 9.2 Fighting
 + Level 7.6 Dodging
 + Level 10.1 Shields
 * Level 14.8 Unarmed Combat


You had 12 spell levels left.
You didn't know any spells.
Your spell library contained the following spells:

 Spells                   Type           Power      Damage    Failure   Level
 Summon Small Mammal      Summ           0%         N/A       82%         1
 Scorch                   Fire           0%         2d5       91%         2
 Sublimation of Blood     Necr           0%         N/A       91%         2
 Wereblood                Tmut           0%         N/A       91%         2
 Call Canine Familiar     Summ           0%         N/A       99%         3
 Summon Guardian Golem    Hex/Summ       0%         N/A       99%         3
 Volatile Blastmotes      Fire/Tloc      0%         2d10      99%         3
 Flame Wave               Conj/Fire      0%         2d4       100%        4
 Fulminant Prism          Conj/Hex       0%         3d5       100%        4
 Iskenderun's Mystic Bla  Conj/Tloc      0%         2d3       100%        4
 Irradiate                Conj/Tmut      0%         3d11      100%        5
 Summon Forest            Summ/Tloc      0%         N/A       100%        5
 Eringya's Noxious Bog    Tmut/Pois      0%         4d6       100%        6
 Summon Cactus Giant      Summ           0%         N/A       100%        6
 Summon Hydra             Summ           0%         N/A       100%        7


Dungeon Overview and Level Annotations

Branches:
Dungeon (15/15)            Temple (1/1) D:6            Lair (0/5) D:10
    Orc (0/2) D:12         Vaults (0/5) D:13
 Depths: D:15

Altars:
Ashenzari
Cheibriados
Dithmenos
Elyvilon
Fedhas
Gozag
Hepliaklqana
Kikubaaqudgha
Makhleb
Nemelex Xobeh
Okawaru
Qazlal
Ru
Sif Muna
Trog
Uskayaw
Vehumet
Wu Jian
Xom
Yredelemnul
Zin
The Shining One

Shops:
D:3 ((([(   D:14 =[   D:15 :

Annotations:
D:7 2 transporters, Wayward's ghost, novice DjFE
D:15 Roxanne


Innate Abilities, Weirdness & Mutations

You are too large for most types of armour.
You have claws for hands.
Your natural rate of healing is unusually fast.
You are covered in fur. (AC +1)
You have tough skin. (AC +1)


Message History

You block the ten-headed hydra's attack.
The ten-headed hydra bites you.
The ten-headed hydra bites you but does no damage.
You block the ten-headed hydra's attack.
The ten-headed hydra misses you. The ten-headed hydra bites you! x2
You barely miss the ten-headed hydra.
The ten-headed hydra is heavily wounded.
You rip one of the ten-headed hydra's heads off!
The nine-headed hydra grows two more!
You mangle the 11-headed hydra!!
The 11-headed hydra is severely wounded.
You block the 11-headed hydra's attack. x2
The 11-headed hydra bites you but does no damage.
You block the 11-headed hydra's attack. The 11-headed hydra bites you. x2
You block the 11-headed hydra's attack. The 11-headed hydra bites you!
The 11-headed hydra bites you. The 11-headed hydra bites you!
The 11-headed hydra bites you.
Your muscles tense, ready for explosive movement...
You rip one of the 11-headed hydra's heads off!
The ten-headed hydra grows two more!
You scratch the 12-headed hydra.
The 12-headed hydra is heavily wounded.
You block the 12-headed hydra's attack. The 12-headed hydra bites you.
You block the 12-headed hydra's attack. The 12-headed hydra bites you. x2
* * * LOW HITPOINT WARNING * * *
You block the 12-headed hydra's attack. The 12-headed hydra closely misses you.
The 12-headed hydra bites you but does no damage. x2
The 12-headed hydra bites you!
* * * LOW HITPOINT WARNING * * *
You block the 12-headed hydra's attack. The 12-headed hydra bites you.
* * * LOW HITPOINT WARNING * * *
You block the 12-headed hydra's attack. x2
The 12-headed hydra bites you but does no damage. x2
The 12-headed hydra closely misses you. The 12-headed hydra bites you!
* * * LOW HITPOINT WARNING * * *
You block the 12-headed hydra's attack. The 12-headed hydra bites you!
* * * LOW HITPOINT WARNING * * *
The 12-headed hydra bites you.
* * * LOW HITPOINT WARNING * * *
The 12-headed hydra bites you but does no damage.
The 12-headed hydra barely misses you. The 12-headed hydra bites you!
You die...

######### ######.......#
#..........#.#
####.####.###.#.##
#......##.# #.#..#
#.##.#.##.# #....#
#..#.#.##.# ##...#
##.#.#....############
#.#.####.#@D..[..[..#######
#.#..>...##########.##....)
#.#####.)##................
#....##....########........
######...∩...#### #########
#.........##....#
#.....##..##.##.##
#.....##..##.##..#
#.......####.#<..#


You could see a 12-headed hydra.

Vanquished Creatures
  Harold (D:9)
  3 vault guards (D:13)
  4 centaur warriors
  4 two-headed ogres
  Pikel (D:7)
  An orc knight (D:14)
  7 ugly things
  3 manticores
  3 cyclopes
  An elephant (D:10)
  3 gargoyles
  An unseen horror (D:12)
  A tengu conjurer (D:13)
  7 trolls
  2 hornets
  A spriggan (D:12)
  A shadow (D:9)
  2 water elementals
  2 vampires
  4 wraiths
  13 yaks
  A basilisk (D:10)
  3 wyverns
  Grum (D:11)
  7 vampire mosquitoes
  3 steam dragons
  7 humans (D:13)
  4 acid dragons
  A two-headed ogre zombie (D:12)
  2 water moccasins
  6 orc warriors
  A sky beast (D:6)
  5 black bears
  4 wolves (D:11)
  8 centaurs
  An ogre (D:5)
  3 phantoms
  4 kobold brigands
  A lemure (D:7)
  4 bullfrogs (D:8)
  3 gnoll sergeants
  A necrophage (D:14)
  4 wights (D:6)
  3 troll zombies (D:12)
  4 electric eels (D:11)
  6 howler monkeys
  2 jellies
  Crazy Yiuf (D:2)
  A gnoll bouda (D:8)
  4 hounds
  5 orc priests
  3 iguanas
  7 orc wizards
  4 ogre zombies (D:12)
  10 gnolls
  9 adders
  A white imp (D:7)
  A dart slug (D:4)
  25 orcs
  3 ball pythons
  4 endoplasms
  4 giant cockroaches
  2 gnoll zombies (D:12)
  6 goblins
  7 hobgoblins
  A jackal (D:1)
  2 quokkas
  7 bats
  5 frilled lizards
  4 gnoll skeletons (D:12)
  19 kobolds
  2 orc skeletons (D:12)
  17 orc zombies (D:12)
  3 rats
311 creatures vanquished.

Vanquished Creatures (others)
  A vault guard (D:13)
  A boggart (D:15)
2 creatures vanquished.

Grand Total: 313 creatures vanquished

Notes
Turn   | Place    | Note
-------+----------+-------------------------------------------
     0 | D:1      | FakeRyeBread the Troll Fighter began the quest for the Orb.
     0 | D:1      | Reached XP level 1. HP: 22/22 MP: 0/0
    78 | D:1      | Reached XP level 2. HP: 26/29 MP: 1/1
   580 | D:2      | Reached XP level 3. HP: 36/36 MP: 2/2
   910 | D:2      | Found a runed translucent door.
   911 | D:2      | Noticed Crazy Yiuf
  1055 | D:2      | Reached skill level 3 in Unarmed Combat
  1310 | D:2      | Killed Crazy Yiuf
  1373 | D:3      | Reached XP level 4. HP: 44/44 MP: 3/3
  1393 | D:3      | Found a glowing silver altar of Zin.
  1455 | D:3      | Found Moduib's Antique Weapon Emporium.
  1656 | D:3      | Found Paoseumn's Antique Armour Boutique.
  1687 | D:3      | Found Misk's Weapon Boutique.
  1716 | D:3      | Found Essubbem's Weapon Emporium.
  1882 | D:3      | Found Jeomias's Weapon Shoppe.
  2159 | D:4      | Reached XP level 5. HP: 38/53 MP: 4/4
  2189 | D:4      | Reached skill level 4 in Unarmed Combat
  2278 | D:4      | Identified the +4 spear of the Dungeon {antimagic, Will+}
  2318 | D:4      | Noticed a phantom
  2333 | D:4      | Killed a phantom
  2334 | D:4      | Reached XP level 6. HP: 53/61 MP: 5/5
  2421 | D:4      | Found a broken altar of Ashenzari.
  2475 | D:4      | Found an iron altar of Okawaru.
  2690 | D:4      | Reached skill level 5 in Unarmed Combat
  2920 | D:5      | Entered Level 5 of the Dungeon
  2960 | D:5      | Reached XP level 7. HP: 65/68 MP: 6/6
  3064 | D:5      | Reached skill level 6 in Unarmed Combat
  3087 | D:5      | Noticed a wyvern
  3097 | D:5      | Killed a wyvern
  3401 | D:6      | Reached skill level 5 in Shields
  3401 | D:6      | Reached XP level 8. HP: 56/79 MP: 7/7
  3447 | D:6      | Found a stormy altar of Qazlal.
  3593 | D:6      | Reached skill level 7 in Unarmed Combat
  3791 | D:6      | Noticed a hornet
  3795 | D:6      | Killed a hornet
  3796 | D:6      | Reached skill level 5 in Fighting
  4007 | D:6      | Found a staircase to the Ecumenical Temple.
  4016 | Temple   | Entered the Ecumenical Temple
  4026 | Temple   | Became a worshipper of the Wu Jian Council
  4066 | D:6      | Identified 3 scrolls of acquirement
  4066 | D:6      | Acquired the +10 tower shield of Ignorance {rN+ Int-4}
  4066 | D:6      | Found the +10 tower shield of Ignorance {rN+ Int-4}
  4071 | D:6      | Acquired the amulet "Buwugum" {Faith rC+ rN+ Str+3 Stlth+}
  4073 | D:6      | Acquired the +2 hat "Cuim" {Int+3}
  4344 | D:7      | Reached skill level 8 in Unarmed Combat
  4411 | D:7      | Noticed Wayward's ghost (novice DjFE)
  4429 | D:7      | Found a transporter.
  4450 | D:7      | Found a transporter.
  4636 | D:7      | Noticed Pikel
  4660 | D:7      | Killed Pikel
  4661 | D:7      | Reached skill level 9 in Unarmed Combat
  4661 | D:7      | Reached XP level 9. HP: 79/89 MP: 8/8
  4976 | D:8      | Reached * piety under Wu Jian
  5094 | D:8      | Found a burning altar of Makhleb.
  5518 | D:8      | Reached skill level 10 in Unarmed Combat
  5587 | D:8      | Reached XP level 10. HP: 100/100 MP: 9/9
  5648 | D:8      | Noticed a two-headed ogre
  5657 | D:8      | Killed a two-headed ogre
  5829 | D:9      | Reached ** piety under Wu Jian
  6003 | D:9      | Found an ancient bone altar of Kikubaaqudgha.
  6050 | D:9      | Noticed Harold
  6064 | D:9      | Killed Harold
  6065 | D:9      | Reached skill level 11 in Unarmed Combat
  6553 | D:10     | Entered Level 10 of the Dungeon
  6554 | D:10     | Noticed a manticore
  6560 | D:10     | Killed a manticore
  6584 | D:10     | Identified the +1 robe of Recklessness {Harm rElec Will-}
  6595 | D:10     | Found a shadowy altar of Dithmenos.
  6819 | D:10     | Found a staircase to the Lair.
  6819 | D:10     | Noticed an elephant
  6834 | D:10     | Killed an elephant
  7009 | D:10     | Reached skill level 5 in Dodging
  7318 | D:10     | Found a hide-covered altar of Uskayaw.
  7486 | D:11     | Noticed a brown ugly thing
  7496 | D:10     | Killed a brown ugly thing
  7497 | D:10     | Reached XP level 11. HP: 68/109 MP: 10/10
  7730 | D:11     | Reached *** piety under Wu Jian
  7911 | D:11     | Reached skill level 12 in Unarmed Combat
  8007 | D:11     | Noticed a two-headed ogre
  8020 | D:11     | Killed a two-headed ogre
  8199 | D:11     | Noticed Grum
  8210 | D:11     | Killed Grum
  8372 | D:11     | Identified the +4 spear of Moderation {freeze, Fragile
                  | rElec rN+}
  8666 | D:12     | You fall into a shaft and drop 3 floors!
  8666 | D:15     | Entered Level 15 of the Dungeon
  8670 | D:15     | Noticed Roxanne
  8677 | D:15     | Found Uloiry Cuux's Self-Published Books.
  8683 | D:15     | Noticed a rakshasa
  8689 | D:15     | Noticed a four-headed hydra
  8718 | D:15     | Noticed a red ugly thing
  8749 | D:15     | Noticed an ogre mage
  8750 | D:15     | Noticed a white ugly thing
  8750 | D:15     | Noticed a skeletal warrior
  8783 | D:14     | Found Vauferche's Armour Shop.
  8783 | D:14     | Noticed a centaur warrior
  8902 | D:14     | Found Xaamp's Jewellery Boutique.
  8919 | D:14     | Bought an amulet of regeneration for 510 gold pieces
  9115 | D:12     | Found a staircase to the Orcish Mines.
  9337 | D:12     | Reached skill level 13 in Unarmed Combat
  9454 | D:12     | Noticed a purple ugly thing
  9458 | D:12     | Noticed a brown ugly thing
  9461 | D:12     | Killed a purple ugly thing
  9468 | D:12     | Killed a brown ugly thing
  9484 | D:12     | Noticed a cyan ugly thing
  9489 | D:12     | Killed a cyan ugly thing
  9490 | D:12     | Reached XP level 12. HP: 120/120 MP: 11/11
  9932 | D:13     | Noticed a two-headed ogre
  9937 | D:13     | Killed a two-headed ogre
 10061 | D:13     | Killed a vault guard
 10204 | D:13     | Noticed a two-headed ogre
 10208 | D:13     | Killed a two-headed ogre
 10320 | D:13     | Noticed a centaur warrior
 10331 | D:13     | Killed a centaur warrior
 10447 | D:13     | Noticed a vault guard
 10447 | D:13     | Noticed a vault guard
 10447 | D:13     | Noticed a vault guard
 10486 | D:13     | Killed a vault guard
 10486 | D:13     | Reached **** piety under Wu Jian
 10492 | D:13     | Reached skill level 14 in Unarmed Combat
 10498 | D:13     | Killed a vault guard
 10508 | D:13     | Killed a vault guard
 10603 | D:13     | Found a gate to the Vaults.
 10832 | D:14     | Bought a ring of flight for 297 gold pieces
 10837 | D:14     | Noticed a centaur warrior
 10852 | D:14     | Killed a centaur warrior
 10921 | D:14     | Noticed a centaur warrior
 10933 | D:14     | Killed a centaur warrior
 10973 | D:14     | Reached skill level 10 in Shields
 10977 | D:14     | Reached XP level 13. HP: 49/131 MP: 12/12
 11198 | D:14     | HP: 4/129 [12-headed hydra (5)]
 11198 | D:14     | Mangled by a 12-headed hydra

Illustrated notes

Levels and vault maps discovered:
D:1:      erik_arrival_orb_chamber, layout_basic, minmay_tetromino_t2
D:2:      layout_loops_ring, uniq_crazy_yiuf_cottage
D:3:      layout_loops_ring, mainiacjoe_overflow_boulevard, serial_shops, shop,
          shop, nicolae_shop_bloodbath_and_beyond, nicolae_shop_peninsula,
          nicolae_shop_window_shopping, item_on_display_a
D:4:      layout_loops_ring, kennysheep_okawaru_gauntlet,
          general_overflow_altar, corexii_item_surrounded_by_moat
D:5:      layout_rooms
D:6:      layout_loops_cross, mainiacjoe_overflow_chevrons, temple_hall,
          minmay_misc_feat_pillars
D:7:      layout_loops_corners, gammafunk_ghost_stat_death, uniq_pikel
D:8:      minmay_polygon_palace, layout_cave_pools, mainiacjoe_overflow_paths
D:9:      layout_basic, amcnicky_altar_gilded, uniq_harold
D:10:     layout_loops_ring, nicolae_dithmenos_the_darkroom,
          nicolae_uskayaw_dance_studio, david_lair_generic
D:11:     layout_gridville, minmay_tree_intersection, minivault_26,
          serial_bayou_pond_b, serial_bayou_lagoon_b, uniq_grum
D:12:     layout_roguey, zombieorc2_lemuel, the_hattery
D:13:     layout_irregular_city, ximxim_vaults_locker_room
D:14:     layout_basic, serial_shops, nicolae_shop_peninsula, shop,
          nicolae_square_shop, hangedman_abyss_or_decor_clamps,
          hangedman_stone_soup, hangedman_ranch
D:15:     grunt_enter_depths_giant_problem, layout_irregular_city,
          abandoned_shop, nicolae_custom_books, xom_confusion_cloud,
          uniq_roxanne
Temple:   nicolae_temple_great_sept

Skill      XL: |  1  2  3  4  5  6  7  8  9 10 11 12 |
---------------+-------------------------------------+-----
Shields        | 3 4 5 6 7 8 9 10 | 10.1
Unarmed Combat | 3 4 5 6 9 10 11 13 14 | 14.8
Fighting       | 3 4 5 6 7 8 9 |  9.2
Dodging        | 3 5 6 7 |  7.6

Action                     |  1- 3 |  4- 6 |  7- 9 | 10-12 | 13-15 || total
---------------------------+-------+-------+-------+-------+-------++-------
  Melee: Unarmed           |    65 |   120 |   275 |   609 |    34 ||  1103
  Throw: Stone             |       |    18 |       |       |       ||    18
         Javelin           |       |    10 |       |     1 |       ||    11
 Invoke: Serpent's Lash    |       |       |       |     1 |     3 ||     4
Ability: Lunge             |       |       |    11 |    49 |     4 ||    64
         Whirlwind         |       |       |     2 |    59 |       ||    61
  Evoke: Wand              |       |       |       |     5 |     4 ||     9
    Use: Scroll            |     7 |     3 |     7 |    14 |       ||    31
         Potion            |       |       |     3 |     4 |       ||     7
   Stab: Sleeping          |     1 |     1 |       |     3 |       ||     5
 Armour: Robe              |    35 |    78 |    62 |       |       ||   175
         Steam dragon scal |       |       |    75 |    13 |       ||    88
         Acid dragon scale |       |       |       |   312 |    51 ||   363
  Dodge: Dodged            |    21 |    36 |    46 |    96 |     7 ||   206
  Block: Kite shield       |    24 |    50 |    39 |       |       ||   113
         Tower shield      |       |       |   216 |   551 |    45 ||   812

Table legend: (Time is in decaauts)
 A = Elapsed time spent in this place.
 B = Non-inter-level travel time spent in this place.
 C = Inter-level travel time spent in this place.
 D = Time resting spent in this place.
 E = Time spent auto-exploring this place.
 F = Levels seen in this place.
 G = Mean time per level.
                   A        B        C        D        E       F      G
               +--------+--------+--------+--------+--------+-----+--------+
         Total |  11181 |  10143 |   1038 |    846 |   6847 |  16 |  698.8 |
       Dungeon |  11160 |  10140 |   1020 |    846 |   6847 |  15 |  744.0 |
        Temple |     20 |      2 |     18 |      0 |      0 |   1 |   20.0 |
               +--------+--------+--------+--------+--------+-----+--------+

Top non-repeatable levels by time:
    D:10: 1093 daAuts
    D:13: 1053 daAuts
    D:11: 1010 daAuts
     D:8: 860 daAuts
     D:7: 842 daAuts
    D:12: 836 daAuts
     D:2: 812 daAuts
     D:4: 787 daAuts
     D:3: 778 daAuts
     D:9: 761 daAuts
     D:6: 737 daAuts
     D:1: 560 daAuts
    D:14: 503 daAuts
     D:5: 421 daAuts
    D:15: 100 daAuts
